 Dungeon Crawl Stone Soup version 0.32-a0-17-gb74e046682 (webtiles) character file.

Game seed: 1478741700099013690

305 voltaire321 the Magician (level 6, -7/35 HPs)
             Began as a Deep Elf Earth Elementalist on Jan 15, 2024.
             Was an Initiate of Vehumet.
             Killed by divine providence
             ... invoked by an orc priest
              (14 damage)
             ... on level 4 of the Dungeon.
             The game lasted 00:08:22 (2933 turns).

voltaire321 the Magician (DEEE)                     Turns: 2933, Time: 00:08:23

Health: -7/35      AC:  4    Str:  7    XL:     6   Next: 16%
Magic:  14/14      EV: 13    Int: 20    God:    Vehumet [......]
Gold:   176        SH:  0    Dex: 15    Spells: 7/13 levels left

rFire   . . .        i - +0 hand axe
rCold   . . .        (no shield)
rNeg    . . .        a - +0 robe
rPois   .            s - +1 helmet
rElec   .            (no cloak)
rCorr   .            (no gloves)
SInv    .            (no boots)
Will    .....        (no amulet)
Stlth   +++          (no ring)
HPRegen 0.25/turn    (no ring)
MPRegen 0.14/turn

%: no passive effects
@: no status effects
A: no striking features
a: Renounce Religion


You were on level 4 of the Dungeon.
You worshipped Vehumet.
Vehumet was noncommittal.
You visited 2 branches of the dungeon, and saw 5 of its levels.

You collected 176 gold pieces.

Inventory:

Hand Weapons
 i - a +0 hand axe (weapon)
Armour
 a - a +0 robe (worn)
 s - a +1 helmet (worn)
Jewellery
 l - an amulet of the acrobat
Wands
 r - a wand of flame (25)
Scrolls
 c - a scroll of enchant armour {unknown}
 d - a scroll of poison {unknown}
 e - a scroll of fog {unknown}
 g - 3 scrolls of identify {unknown}
 j - a scroll of vulnerability {unknown}
 k - a scroll of amnesia {unknown}
 n - a scroll of blinking {unknown}
 q - a scroll of revelation {unknown}
Potions
 b - a potion of magic
 f - a potion of degeneration {unknown}
 h - 2 potions of brilliance {unknown}
 m - a potion of enlightenment {unknown}
 o - a potion of heal wounds {unknown}
 p - a potion of might {unknown}


   Skills:
 + Level 1.7 Fighting
 + Level 3.8 Dodging
 + Level 4.0 Stealth
 + Level 4.2 Spellcasting
 + Level 2.6 Conjurations
 + Level 1.7 Translocations
 + Level 4.2 Earth Magic


You had 7 spell levels left.
You knew the following spells:

 Your Spells              Type           Power      Damage    Failure   Level
a - Sandblast             Erth           42%        2d11      2%          1
b - Passwall              Erth           21%        N/A       7%          3
c - Blink                 Tloc           22%        N/A       9%          2

Your spell library contained the following spells:

 Spells                   Type           Power      Damage    Failure   Level
 Magic Dart               Conj           56%        1d5       4%          1
 Stone Arrow              Conj/Erth      34%        3d9       10%         3
 Call Imp                 Summ           8%         N/A       19%         2
 Sublimation of Blood     Necr           4%         N/A       19%         2
 Brom's Barrelling Bould  Conj/Erth      17%        2d4       30%         4
 Petrify                  Alch/Erth      12%        N/A       45%         4
 Irradiate                Conj/Alch      4%         3d13      90%         5


Dungeon Overview and Level Annotations

Branches:
Dungeon (4/15)             Temple (1/1) D:4

Altars:
Cheibriados
Gozag
Hepliaklqana
Makhleb
Qazlal
Sif Muna
Uskayaw
Vehumet
Yredelemnul
Zin
The Shining One

Shops:
D:3 =   D:4 *

Annotations:
D:1 2 runed translucent doors
D:3 2 transporters, oldriver's ghost, weakling DsFE


Message History

You pick up a book of Transmutation and begin reading...
You add the spells Sublimation of Blood and Irradiate to your library.
There is a staircase to the Ecumenical Temple here.
You climb downwards.
Welcome to the Ecumenical Temple!
Found a hazy altar of Hepliaklqana and a glowing silver altar of Zin.
Found a staircase back to the Dungeon.
There is a staircase back to the Dungeon here.
You climb upwards.
Welcome back to the Dungeon!
There is a staircase to the Ecumenical Temple here.
Found a scale mail.
Found a stone staircase leading down.
An orc priest comes into view. It is wielding a +0 hand axe.
Found a runed helmet.
Found a scroll labelled YTODYFOTUIH.
You see here a +1 helmet.
s - a +1 helmet You start putting on your armour.
You continue putting on your +1 helmet. x4
You finish putting on your +1 helmet.
An orc comes into view. It is wielding a +0 whip.
An orc comes into view. It is wielding a +0 short sword.
Aiming: Sandblast (safe; 2% risk of failure)
Press: ? - help, Q - select action, (/) - cycle Shift-Dir - straight line, f - orc
Aim: an orc, wielding a +0 whip (wandering, hasn't noticed you, 83% to hit)
The blast of sand hits the orc!
You kill the orc!
Vehumet accepts your kill.
The orc priest shouts!
The orc shouts!
The orc priest mumbles some strange prayers to Beogh against you.
Beogh smites you!
An orc comes into view. It is wielding a +0 flail.
An orc comes into view. It is wielding a +0 falchion.
The orc shouts!
You hear a shout!
The orc priest calls down the wrath of Beogh upon you.
Beogh smites you!
* * * LOW HITPOINT WARNING * * *
The orc hits you with a +0 falchion.
* * * LOW HITPOINT WARNING * * *
The orc priest calls down the wrath of Beogh upon you.
Beogh smites you!
You die...

....###..# ..
##..###..###.##.#
#..#......#.##.####
#..#.#..#......[..## #
#..................#.#
##.....##..........#.#
###.#.##............##
#.#.##......>......#
#.#.##......@...##.#
#.#.###.............
#..........o..##.#
####.......o....#
#..........###
#.....#.##.##..o
#.....#..?.o.o..
##########$##.o. # .


You could see an orc priest and 2 orcs.

Vanquished Creatures
  2 scorpions
  A bombardier beetle (D:4)
  A hound (D:4)
  5 adders
  3 adder zombies (D:3)
  2 ribbon worms
  2 dart slugs
  5 orcs
  4 bats
  5 endoplasms
  2 giant cockroaches (D:2)
  4 goblins
  5 hobgoblins
  2 kobolds
  6 quokkas
  4 ball pythons
  A ball python zombie (D:3)
  3 frilled lizards
  6 rats
63 creatures vanquished.

Notes
Turn   | Place    | Note
-------+----------+-------------------------------------------
     0 | D:1      | voltaire321 the Deep Elf Earth Elementalist began the quest
                  | for the Orb.
     0 | D:1      | Reached XP level 1. HP: 10/10 MP: 6/6
    39 | D:1      | Found a large runed translucent door.
    39 | D:1      | Found a large runed translucent door.
   262 | D:1      | Reached XP level 2. HP: 15/15 MP: 6/8
   360 | D:1      | Found a faded altar of an unknown god.
  1202 | D:2      | Reached XP level 3. HP: 20/20 MP: 5/9
  1736 | D:2      | Learned a level 3 spell: Passwall
  1739 | D:2      | Learned a level 2 spell: Blink
  1742 | D:3      | Found a radiant altar of Vehumet.
  1809 | D:3      | Noticed a scorpion
  1818 | D:3      | Killed a scorpion
  1819 | D:3      | Reached skill level 1 in Fighting
  1819 | D:3      | Reached XP level 4. HP: 19/25 MP: 4/11
  1921 | D:3      | Found a snail-covered altar of Cheibriados.
  1951 | D:3      | Noticed a scorpion
  1956 | D:3      | Noticed oldriver's ghost (weakling DsFE)
  2206 | D:3      | Found a transporter.
  2211 | D:3      | Found a transporter.
  2220 | D:3      | Reached skill level 1 in Translocations
  2220 | D:3      | Reached XP level 5. HP: 29/29 MP: 10/12
  2264 | D:3      | Found Feumymif's Jewellery Shoppe.
  2413 | D:3      | Found a basalt altar of Yredelemnul.
  2473 | D:3      | Became a worshipper of Vehumet
  2707 | D:4      | Found Iloutt's Assorted Antiques.
  2712 | D:4      | Reached XP level 6. HP: 34/34 MP: 9/14
  2867 | D:4      | Found a staircase to the Ecumenical Temple.
  2877 | Temple   | Entered the Ecumenical Temple
  2933 | D:4      | Killed from afar by an orc priest

Illustrated notes

Levels and vault maps discovered:
D:1:      erik_arrival_cave_to_civilisation [erik_arrival_cave_to_temple],
          layout_rooms, serial_rivers, chequers_serial_rivers_small_3,
          chequers_serial_rivers_micro_a, chequers_serial_rivers_micro_c,
          chequers_serial_rivers_room_b, chequers_serial_rivers_micro_c,
          dreamdust_ecumenical_altar_angels_and_demons, minmay_tiny_reverse_x
D:2:      layout_loops_cross
D:3:      layout_loops_cross, lemuel_tele_altar,
          nicolae_yredelemnul_corpse_copse, cheibriados_altar_1,
          gammafunk_ghost_arena, serial_shops, nicolae_diamond_shop
D:4:      layout_loops_cross, lemuel_round_altar, minmay_temple_entry_overgrown,
          kennysheep_windowed_goal
Temple:   nicolae_temple_bog_church

Skill      XL: |  1  2  3  4  5  6 |
---------------+-------------------+-----
Dodging        | 3 |  3.8
Stealth        | 3 4 |  4.0
Fighting       | 1 |  1.7
Conjurations   | 2 |  2.6
Translocations | 1 |  1.7
Earth Magic    | 4 |  4.2
Spellcasting   | 4 |  4.2

Action                     |  1- 3 |  4- 6 || total
---------------------------+-------+-------++-------
   Cast: Sandblast         |    58 |    48 ||   106
 Armour: Robe              |    14 |     7 ||    21
  Dodge: Dodged            |    15 |     2 ||    17

Table legend: (Time is in decaauts)
 A = Elapsed time spent in this place.
 B = Non-inter-level travel time spent in this place.
 C = Inter-level travel time spent in this place.
 D = Time resting spent in this place.
 E = Time spent auto-exploring this place.
 F = Levels seen in this place.
 G = Mean time per level.
                   A        B        C        D        E       F      G
               +--------+--------+--------+--------+--------+-----+--------+
         Total |   2991 |   2820 |    171 |    359 |   1743 |   5 |  598.2 |
       Dungeon |   2989 |   2818 |    171 |    359 |   1743 |   4 |  747.2 |
        Temple |      1 |      1 |      0 |      0 |      0 |   1 |    1.0 |
               +--------+--------+--------+--------+--------+-----+--------+

Top non-repeatable levels by time:
     D:1: 971 daAuts
     D:2: 798 daAuts
     D:3: 767 daAuts
     D:4: 452 daAuts
  Temple: 1 daAuts
